 Dungeon Crawl Stone Soup version 0.26-a0-520-g952f204493 (webtiles) character file.

Game seed: 3028606965437376878

0 Morbidden the Magician (level 1, 0/10 HPs)
             Began as a Kobold Wanderer on Aug 12, 2020.
             Slain by a rat (1 damage)
             ... on level 1 of the Dungeon.
             The game lasted 00:00:21 (59 turns).

Morbidden the Magician (Kobold Wanderer)              Turns: 59, Time: 00:00:21

Health: 0/10       AC:  5    Str: 11    XL:     1   Next: 11%
Magic:  3/3        EV: 11    Int: 11    God:
Gold:   15         SH:  0    Dex: 14    Spells: 3/4 levels left

rFire    . . .     SeeInvis .   a - +0 dagger
rCold    . . .     Faith    .   (shield restricted)
rNeg     . . .     Spirit   .   b - +0 ring mail
rPois    .         Reflect  .   (no helmet)
rElec    .         Harm     .   (no cloak)
rCorr    .                      (no gloves)
MR       .....                  (no boots)
Stlth    ++........             (no amulet)
HPRegen  0.03/turn              (no ring)
MPRegen  0.08/turn              (no ring)

@: no status effects
A: small, nightstalker 3
a: no special abilities


You were on level 1 of the Dungeon.
You visited 1 branch of the dungeon, and saw 1 of its levels.

You collected 15 gold pieces.

Inventory:

Hand Weapons
 a - a +0 dagger (weapon)
Armour
 b - a +0 ring mail (worn)
Scrolls
 d - a scroll of fear {unknown}
Potions
 c - a potion of lignification


   Skills:
   Level 1.2 Crossbows
 + Level 1.5 Armour
 + Level 1.3 Stealth
   Level 1.0 Shields
 + Level 2.2 Spellcasting
   Level 2.0 Transmutations
   Level 1.0 Air Magic


You had 3 spell levels left.
You knew the following spells:

 Your Spells              Type           Power        Failure   Level
a - Magic Dart            Conj           #...         56%         1

Your spell library contained the following spells:

 Spells                   Type           Power        Failure   Level
 Blink                    Tloc           N/A          71%         2
 Call Imp                 Summ           #.......     71%         2
 Slow                     Hex            #.......     71%         2
 Mephitic Cloud           Conj/Pois/Air  #.......     87%         3
 Conjure Flame            Conj/Fire      #.......     90%         3


Dungeon Overview and Level Annotations

Branches:
Dungeon (1/15)

Altars:


Innate Abilities, Weirdness & Mutations

You are small and have problems with some larger weapons.
You are completely attuned to the shadows.


Message History

You are too injured to fight recklessly!
You are too injured to fight recklessly!
You are too injured to fight recklessly!
You are too injured to fight recklessly!
Unknown command.
There are monsters nearby!
You barely miss the ball python. The rat bites you but does no damage.
The ball python bites you but does no damage.
* * * LOW HITPOINT WARNING * * *
The ball python constricts you.
You hit the ball python.
You kill the ball python!
The hobgoblin hits you but does no damage.
The rat bites you but does no damage.
Unknown command.
The hobgoblin hits you with a +0 club.
* * * LOW HITPOINT WARNING * * *
The rat bites you but does no damage. The rat bites you.
You die...

...≈≈ ....
..############
.............#######
# ####.####........##
# #.# #.......... #
#.####>.$.....#
######..........gr.#.
........###.....@....
######.## #..........
#.# #.........# #.#
####.##.. .# #.# #.


You could see a hobgoblin and a rat.

Vanquished Creatures
  A ball python (D:1)
1 creature vanquished.

Notes
Turn   | Place    | Note
-------+----------+-------------------------------------------
     0 | D:1      | Morbidden the Kobold Wanderer began the quest for the Orb.
     0 | D:1      | Morbidden set off with the following items: a +0 dagger, a
                  | +0 ring mail, a potion of lignification; and the following
                  | spell memorised: Magic Dart; and the following spells
                  | available to memorise: Blink, Call Imp, Slow, Mephitic
                  | Cloud, Conjure Flame
     0 | D:1      | Reached XP level 1. HP: 10/10 MP: 3/3
    59 | D:1      | Slain by a rat

Illustrated notes

Levels and vault maps discovered:
D:1:      dpeg_arrival_more_subterranean_lakeside_camping, layout_loops_ring,
          dk_noncrumbling_2, minivault_11

Action                   || total
-------------------------++-------
Melee: Dagger            ||     8
Armor: Ring mail         ||     7
Dodge: Dodged            ||    13

Table legend: (Time is in decaauts)
 A = Elapsed time spent in this place.
 B = Non-inter-level travel time spent in this place.
 C = Inter-level travel time spent in this place.
 D = Time resting spent in this place.
 E = Time spent auto-exploring this place.
 F = Levels seen in this place.
 G = Mean time per level.
                   A        B        C        D        E       F      G
               +--------+--------+--------+--------+--------+-----+--------+
         Total |     59 |     59 |      0 |      0 |     45 |   1 |   59.0 |
       Dungeon |     59 |     59 |      0 |      0 |     45 |   1 |   59.0 |
               +--------+--------+--------+--------+--------+-----+--------+

Top non-repeatable levels by time:
     D:1: 59 daAuts
